 Dungeon Crawl Stone Soup version 0.25-a0-310-g60f0ac2d9a (webtiles) character file.

Game seed: 12087614882366972958, levelgen mode: classic

12202 Borgoz the Fighter (level 11, 0/74 HPs)
             Began as a Gargoyle Gladiator on Dec 23, 2019.
             Was a Follower of Ashenzari.
             Slain by an orc warrior
             ... wielding a +2 glaive of chopping
              (20 damage)
             ... on level 11 of the Dungeon.
             The game lasted 00:13:06 (9139 turns).

Borgoz the Fighter (Gargoyle Gladiator)             Turns: 9139, Time: 00:13:07

Health: 0/74       AC: 25    Str: 23    XL:     11   Next: 89%
Magic:  0/11       EV: 10    Int:  9    God:    Ashenzari [*.....]
Gold:   542        SH:  0    Dex: 14    Spells: 10/10 levels left

rFire    . . .     SeeInvis .   y - +11 whip "Kiuryk" {freeze, MR+} (curse)
rCold    . . .     Gourm    .   (no shield)
rNeg     + . .     Faith    .   t - +0 plate armour
rPois    ∞         Spirit   +   c - +0 helmet
rElec    +         Reflect  .   z - scarf {Spirit} (curse)
rCorr    .         Harm     .   (no gloves)
MR       +....                  q - +0 pair of boots
Stlth    ..........             b - amulet of guardian spirit
HPRegen  0.22/turn              (no ring)
MPRegen  0.12/turn              (no ring)

@: mighty
A: negative energy resistance 1, electricity resistance, unbreathing,
petrification resistance, rot immunity, AC +8
a: Curse Item, Scrying, Renounce Religion


You were on level 11 of the Dungeon.
You worshipped Ashenzari.
Ashenzari was aware of your devotion.
You were not hungry.

You visited 2 branches of the dungeon, and saw 12 of its levels.

You collected 734 gold pieces.
You spent 192 gold pieces at shops.

Inventory:

Hand Weapons
 y - the cursed +11 whip "Kiuryk" (weapon) {freeze, MR+}
   (You found it on level 4 of the Dungeon)

   It has been specially enchanted to freeze those struck by it, causing extra
   injury to most foes and up to half again as much damage against particularly
   susceptible opponents.
   It can also slow down cold-blooded creatures.
   It affects your resistance to hostile enchantments.
   It has a curse placed upon it.
Missiles
 d - 2 throwing nets (quivered)
Armour
 c - a +0 helmet (worn)
 q - a +0 pair of boots (worn)
 t - a +0 plate armour (worn)
 z - a cursed scarf of spirit shield (worn)
 M - the +8 orange crystal plate armour {Archmagi, Int+3 Clar}
   (You found it on level 9 of the Dungeon)

   It affects your intelligence (+3).
   It protects you against confusion.
Jewellery
 b - an amulet of guardian spirit (around neck)
 v - an uncursed ring of ice
 J - an uncursed ring of flight
Wands
 o - a wand of paralysis (6)
 w - a wand of polymorph (17)
 x - a wand of random effects (49)
 C - a wand of iceblast (11)
 D - a wand of enslavement (18)
 H - a wand of digging (5)
 I - a wand of flame (1)
 K - a wand of disintegration (10)
Scrolls
 a - 2 scrolls of amnesia {unknown}
 e - 2 scrolls of blinking {unknown}
 h - a scroll of enchant armour {unknown}
 j - 6 scrolls of teleportation
 l - 4 scrolls of remove curse
 m - 2 scrolls of magic mapping {unknown}
 p - 2 scrolls of noise {unknown}
 r - 2 scrolls of enchant weapon {unknown}
 A - 2 scrolls of random uselessness {unknown}
 E - 2 scrolls of fear {unknown}
 F - 3 scrolls of fog {unknown}
 G - 3 scrolls of immolation {unknown}
 N - 2 scrolls of identify
Potions
 g - 8 potions of curing
 k - a potion of heal wounds
 n - a potion of magic
 s - a potion of agility
 u - 2 potions of flight
 B - a potion of brilliance
Comestibles
 f - 23 rations
 L - a chunk of flesh


   Skills:
 * Level 11.1 Fighting
 * Level 10.5 Maces & Flails
 - Level 1.7 Throwing
 * Level 10.6 Armour
 + Level 6.4 Dodging


You had 10 spell levels left.
You didn't know any spells.
Your spell library contained the following spells:

 Spells                   Type           Power        Failure   Level  Hunger
 Sandblast                Erth           #.....       99%         1    ##.....
 Passwall                 Tmut/Erth      #.......     100%        2    ###....
 Stone Arrow              Conj/Erth      #.....       100%        3    ####...
 Cause Fear               Hex            #.........   100%        4    #####..
 Petrify                  Tmut/Erth      #.......     100%        4    #####..
 Lee's Rapid Deconstruct  Erth           #.........   100%        5    ######.
 Silence                  Hex/Air        #.........   100%        5    ######.
 Yara's Violent Unravell  Hex/Tmut       #.........   100%        5    ######.
 Deflect Missiles         Chrm/Air       #.........   100%        6    #######
 Discord                  Hex            #.........   100%        8    #######


Dungeon Overview and Level Annotations

Branches:
Dungeon (11/15)            Temple (1/1) D:7            Lair (0/6) D:8
    Orc: D:9-12

Altars:
Ashenzari
Cheibriados
Dithmenos
Elyvilon
Fedhas
Gozag
Hepliaklqana
Kikubaaqudgha
Makhleb
Nemelex Xobeh
Okawaru
Qazlal
Ru
Sif Muna
Trog
Uskayaw
Vehumet
Wu Jian
Xom
Yredelemnul
Zin
The Shining One

Shops:
D:2 *   D:6 =[!   D:10 [

Annotations:
D:4 2 transporters


Innate Abilities, Weirdness & Mutations

You are resistant to torment.
Your stone body is resilient. (AC +8)
You are immune to poison.
You resist negative energy. (rN+)
You are resistant to electric shocks. (rElec)
You can survive without breathing.
You are immune to petrification.
You are immune to rotting.


Message History

The orc knight is heavily wounded.
The orc closely misses you.
The orc warrior hits you from afar with a +2 glaive of chopping!
* * * LOW HITPOINT WARNING * * *
The ogre hits you but does no damage. The orc hits you with a +0 falchion.
* * * LOW HITPOINT WARNING * * *
The orc knight hits you with a +0 dire flail.
* * * LOW HITPOINT WARNING * * *
You whack the orc knight! You freeze the orc knight.
The orc knight is severely wounded.
The orc warrior hits you with a +2 glaive of chopping.
* * * LOW HITPOINT WARNING * * *
x2 Unknown command.
You feel much better. The ogre hits you with a +0 giant club.
The orc hits you but does no damage.
The orc knight hits you with a +0 dire flail!
* * * LOW HITPOINT WARNING * * *
An ogre comes into view. It is wielding a +0 giant spiked club.
The orc warrior hits you with a +2 glaive of chopping!!
You die...

#######..# ##.. ##
##. #. ## #O # #.
# #o { ##### #####
##o####...# #....
#[O@o.....# #....
#.#o).....####
#.... #
#.......'..###....
#.......##...'....
#.......######....
#.......# #....
#.......# #....
#>......# #....
######### #####


You could see an orc knight, 2 orc warriors, 2 ogres and an orc.

Vanquished Creatures
  A hydra (D:11)
  Erolcha (D:10)
  Erica (D:8)
  A two-headed ogre (D:7)
  Maurice (D:8)
  Psyche (D:8)
  2 hippogriffs
  Grinder (D:4)
  A wyvern (D:10)
  4 hogs (D:7)
  5 yaks (D:8)
  A human (D:7)
  A steam dragon (D:10)
  4 hungry ghosts
  Menkaure (D:7)
  4 porcupines (D:8)
  3 orc warriors
  2 sky beasts
  2 ice beasts (D:5)
  5 phantoms
  2 necrophages
  An eye of draining (D:10)
  4 crocodiles
  2 ogres
  6 centaurs
  2 big kobolds
  11 bullfrogs
  A gnoll sergeant (D:9)
  Blork the orc (D:4)
  2 wyvern zombies
  4 scorpions
  9 killer bees
  4 wights (D:10)
  6 howler monkeys
  3 crimson imps
  A bullfrog zombie (D:6)
  3 jellies
  A gnoll shaman (D:7)
  8 hounds
  3 orc priests
  A bullfrog skeleton (D:4)
  2 iguanas (D:8)
  5 orc wizards
  7 worker ants
  Natasha (D:4)
  2 hound zombies
  A hound skeleton (D:10)
  A worker ant zombie (D:10)
  20 gnolls
  16 adders
  4 shadow imps
  An ooze (D:5)
  An adder skeleton (D:7)
  An adder zombie (D:9)
  4 worms (D:2)
  A dart slug (D:2)
  6 leopard geckos
  41 orcs
  4 bats
  2 giant cockroaches
  7 hobgoblins
  16 jackals
  16 kobolds
  A quokka (D:6)
  7 frilled lizards
  14 goblins
  A jackal skeleton (D:5)
  A quokka skeleton (D:9)
  10 rats
310 creatures vanquished.

Vanquished Creatures (others)
  2 jackals (D:8)
  2 bushes (D:8)
  2 fungi (D:8)
  6 plants (D:8)
12 creatures vanquished.

Grand Total: 322 creatures vanquished

Notes
Turn   | Place    | Note
-------+----------+-------------------------------------------
     0 | D:1      | Borgoz the Gargoyle Gladiator began the quest for the Orb.
     0 | D:1      | Reached XP level 1. HP: 12/12 MP: 1/1
   196 | D:1      | Reached XP level 2. HP: 12/18 MP: 2/2
   371 | D:1      | Reached skill level 1 in Armour
   912 | D:2      | Reached XP level 3. HP: 22/22 MP: 3/3
   924 | D:2      | Noticed an air elemental
  1133 | D:2      | Reached skill level 3 in Fighting
  1177 | D:2      | Found a stormy altar of Qazlal.
  1179 | D:2      | Noticed a fire elemental
  1180 | D:2      | Noticed an earth elemental
  1180 | D:2      | Noticed a water elemental
  1285 | D:2      | Reached XP level 4. HP: 21/28 MP: 4/4
  1583 | D:2      | Found Gozag's Platinum Reserve.
  1592 | D:2      | Found an opulent altar of Gozag.
  2139 | D:3      | Reached XP level 5. HP: 21/32 MP: 3/5
  2523 | D:3      | Reached skill level 4 in Fighting
  2613 | D:3      | Reached XP level 6. HP: 34/38 MP: 4/6
  3075 | D:4      | Noticed a phantom
  3193 | D:4      | Killed a phantom
  3441 | D:4      | Reached XP level 7. HP: 38/44 MP: 7/7
  3488 | D:4      | Noticed Blork the orc
  3500 | D:4      | Killed Blork the orc
  3500 | D:4      | Reached skill level 5 in Maces & Flails
  3507 | D:4      | Found a transporter.
  3610 | D:4      | Noticed Grinder
  3610 | D:4      | Noticed Natasha
  3611 | D:4      | Found a sparkling altar of Nemelex Xobeh.
  3635 | D:4      | Killed Natasha
  3640 | D:4      | Reached skill level 5 in Fighting
  3859 | D:4      | Found a transporter.
  3930 | D:4      | Paralysed by Grinder for 3 turns
  3944 | D:4      | Paralysed by Grinder for 6 turns
  3961 | D:4      | Killed Grinder
  3961 | D:4      | Reached XP level 8. HP: 39/50 MP: 8/8
  3962 | D:4      | Found a blossoming altar of Fedhas.
  4063 | D:4      | Got a faintly glowing whip
  4064 | D:4      | Identified the +11 whip "Kiuryk" {freeze, MR+} (You found
                  | it on level 4 of the Dungeon)
  4224 | D:5      | Entered Level 5 of the Dungeon
  4232 | D:5      | Reached skill level 5 in Armour
  4409 | D:5      | Reached skill level 6 in Fighting
  4417 | D:5      | Found a basalt altar of Yredelemnul.
  4704 | D:5      | Found a hide-covered altar of Uskayaw.
  4705 | D:5      | Found a white marble altar of Elyvilon.
  4804 | D:5      | Found a hazy altar of Hepliaklqana.
  4898 | D:6      | Noticed a hippogriff
  4899 | D:6      | Found a snail-covered altar of Cheibriados.
  4911 | D:6      | Killed a hippogriff
  4911 | D:6      | Reached XP level 9. HP: 55/56 MP: 9/9
  4928 | D:6      | Found an opulent altar of Gozag.
  4936 | D:6      | Reached skill level 7 in Fighting
  4944 | D:6      | Found Zagoirod's Distillery.
  5139 | D:6      | Found Eghaantab's Antique Armour Shoppe.
  5161 | D:6      | Found Aruamn's Jewellery Emporium.
  5360 | D:7      | Found a staircase to the Ecumenical Temple.
  5371 | Temple   | Entered the Ecumenical Temple
  5393 | Temple   | Became a worshipper of Ashenzari the Shackled
  5589 | D:7      | Noticed a two-headed ogre
  5600 | D:7      | Killed a two-headed ogre
  5600 | D:7      | Reached skill level 8 in Fighting
  5601 | D:7      | Found a shattered altar of Ashenzari.
  5720 | D:7      | Reached skill level 5 in Dodging
  5720 | D:7      | Reached XP level 10. HP: 64/64 MP: 10/10
  5927 | D:7      | Found a burning altar of Makhleb.
  5928 | D:7      | Found a radiant altar of Vehumet.
  6026 | D:7      | Noticed Menkaure
  6029 | D:7      | Killed Menkaure
  6263 | D:7      | Reached skill level 9 in Fighting
  6780 | D:8      | Found a staircase to the Lair.
  6794 | D:8      | Reached * piety under Ashenzari
  6918 | D:8      | Reached XP level 11. HP: 72/72 MP: 11/11
  6953 | D:8      | Noticed Erica
  6967 | D:8      | Killed Erica
  6967 | D:8      | Reached skill level 10 in Fighting
  7052 | D:8      | Noticed Maurice
  7059 | D:8      | Killed Maurice
  7092 | D:8      | Noticed Psyche
  7106 | D:8      | Killed Psyche
  7867 | D:9      | Found a shimmering altar of Xom.
  8045 | D:9      | Reached skill level 10 in Armour
  8142 | D:9      | Found the +8 orange crystal plate armour {Archmagi, Int+3
                  | Clar}
  8187 | D:9      | Found an ornate altar of the Wu Jian Council.
  8403 | D:10     | Entered Level 10 of the Dungeon
  8409 | D:10     | Reached skill level 10 in Maces & Flails
  8494 | D:10     | Found Poethrot's Antique Armour Shop.
  8520 | D:10     | Bought an embroidered scarf for 192 gold pieces
  8759 | D:10     | Noticed Erolcha
  8779 | D:10     | Killed Erolcha
  9076 | D:11     | Noticed a four-headed hydra
  9093 | D:11     | Killed a four-headed hydra
  9093 | D:11     | Reached skill level 11 in Fighting
  9118 | D:11     | Noticed an orc knight
  9139 | D:11     | Slain by an orc warrior

Levels and vault maps discovered:
D:1:      psy_arrival_heroes, layout_basic
D:2:      minmay_inner_zag, layout_basic, nicolae_qazlal_style_of_elements,
          first_ration, minmay_misc_feat_columns,
          nicolae_gozag_zags_fifth_avenue
D:3:      layout_basic
D:4:      gammafunk_wand_slinger, layout_loops_ring, kennysheep_mini_moat,
          nemelex_xobeh_ov_fountains_minmay, uniq_natasha, uniq_blork_the_orc,
          uniq_grinder
D:5:      layout_loops_ring, lemuel_round_altar,
          gammafunk_temple_overflow_pools, lemuel_round_altar
D:6:      layout_rooms, lemuel_crystal_altar, old_standard_altar, serial_shops,
          shop_statue, nicolae_shop_waterfront, shop
D:7:      layout_basic, grunt_temple_overflow_lords_of_destruction,
          minmay_temple_entry_offerings, kennysheep_decorative_pillar,
          grunt_livestock, evilmike_ruin_ashenzari, uniq_menkaure
D:8:      layout_loops_cross, minmay_lair_entry_grove, uniq_psyche, uniq_erica,
          uniq_maurice
D:9:      layout_loops_corners, kennysheep_little_box, lemuel_doored_altar,
          grunt_ministairs_10
D:10:     layout_rooms, serial_shops, shop, hex_medium, uniq_erolcha
D:11:     layout_roguey, special_room [special_room_orc], uniq_grum
Temple:   compressed_dpeg_triangle_lava_temple

Skill      XL: |  1  2  3  4  5  6  7  8  9 10 11 |
---------------+----------------------------------+-----
Armour         | 1 2 3 4 6 7 9 10 | 10.6
Fighting       | 3 4 5 6 8 9 11 | 11.1
Maces & Flails | 4 5 6 8 9 10 | 10.5
Dodging        | 3 4 5 6 |  6.4
Throwing       | |  1.7

Action                   |  1- 3 |  4- 6 |  7- 9 | 10-12 || total
-------------------------+-------+-------+-------+-------++-------
Melee: Flail             |   115 |   336 |   128 |       ||   579
       Whip              |       |       |   180 |   491 ||   671
Throw: Throwing net      |       |       |     3 |     1 ||     4
Invok: Curse Item        |       |       |     1 |     1 ||     2
Evoke: Wand              |       |       |     1 |       ||     1
  Use: Potion            |       |     1 |       |     4 ||     5
       Scroll            |       |       |     1 |     7 ||     8
 Stab: Sleeping          |     1 |       |       |       ||     1
       Held in net/web   |       |       |     1 |       ||     1
  Eat: Chunk             |     1 |     7 |     8 |    17 ||    33
       Ration            |       |       |       |     1 ||     1
Armor: Leather armour    |    63 |     3 |       |       ||    66
       Plate armour      |       |   284 |   239 |   300 ||   823
Dodge: Dodged            |   102 |   117 |   113 |   144 ||   476

Table legend:
 A = Non-vault XP
 B = Vault XP
 C = Vault XP percentage of total XP
 D = Non-vault monster count
 E = Vault monster count
 F = Vault count percentage of total count
                 A         B        C        D         E       F
            +---------+---------+-------+---------+---------+-------
      Total |   11137 |    6295 |  36.1 |     269 |      41 |  13.2
            +---------+---------+-------+---------+---------+-------
        D:1 |      33 |       0 |   0.0 |      21 |       0 |   0.0
        D:2 |      73 |       7 |   8.8 |      26 |       5 |  16.1
        D:3 |     255 |       0 |   0.0 |      37 |       0 |   0.0
        D:4 |     524 |     383 |  42.2 |      24 |       3 |  11.1
        D:5 |     689 |       0 |   0.0 |      13 |       0 |   0.0
        D:6 |    1078 |       0 |   0.0 |      29 |       0 |   0.0
        D:7 |    2224 |    1211 |  35.3 |      27 |       7 |  20.6
        D:8 |    1260 |    3303 |  72.4 |      33 |      16 |  32.7
        D:9 |    1587 |     169 |   9.6 |      23 |       7 |  23.3
       D:10 |    2033 |     975 |  32.4 |      32 |       1 |   3.0
       D:11 |    1381 |     247 |  15.2 |       4 |       2 |  33.3
            +---------+---------+-------+---------+---------+-------
